Cogmind - Beta 13 @@@ ROGUE MODE // 2024.04.02 @ 14:48:06 Player: TaylorTurtle Result: Destroyed by D-53 Grenadier with Mini Grenade Launcher Performance ------------- Evolutions (0) 0 Regions Visited (2) 400 Robots Destroyed (15) 75 Value Destroyed (80) 80 Prototype IDs (0) 0 Alien Tech Used (0) 0 Bonus (0) 0 TOTAL SCORE: 555 Bonus ------- None Cogmind --------- Core Integrity 0/250 Matter 247/300 Energy 66/125 System Corruption 0% Temperature Cool (40) Movement Treading (160) Location -10/Mines Parts ------- > --- POWER (1) -------- Light Ion Engine > --- PROPULSION (2) --- Light Treads Light Treads > --- UTILITY (2) ------ Small Storage Unit Improved Terrain Scanner > --- WEAPON (2) ------- Small Laser Light Assault Rifle > --- INVENTORY (8) ---- Aluminum Leg Seismic Detector Tractor Beam Peak State ------------ > --- POWER ------------ Light Ion Engine > --- PROPULSION ------- Aluminum Leg Aluminum Leg > --- UTILITY ---------- Small Storage Unit Improved Terrain Scanner > --- WEAPON ----------- Medium Laser Small Laser > --- INVENTORY -------- Light Ion Engine Light Treads Light Treads Improved Terrain Scanner Seismic Detector Tractor Beam Light Assault Rifle [Rating: 9] Favorites ----------- Power Light Ion Engine Engine Light Ion Engine Propulsion Aluminum Leg Treads Light Treads Leg Aluminum Leg Utility Small Storage Unit Device Improved Terrain Scanner Storage Small Storage Unit Weapon Small Laser Energy Gun Small Laser Ballistic Gun Light Assault Rifle Build | -11 -10 -10 ------- Run | Yrd Mat Min Slots Evolved . | . . . Power . | . . . Propulsion . | . . . Utility . | . . . Weapon . | . . . Parts Attached 13 | 8 . 5 Power 2 | 1 . 1 Engine 2 | 1 . 1 Core . | . . . Reactor . | . . . Propulsion 4 | 2 . 2 Treads 2 | . . 2 Leg 2 | 2 . . Wheel . | . . . Hover . | . . . Flight . | . . . Utility 4 | 3 . 1 Device 3 | 2 . 1 Storage 1 | 1 . . Processor . | . . . Hackware . | . . . Protection . | . . . Artifact . | . . . Weapon 3 | 2 . 1 Energy Gun 2 | 2 . . Energy Cannon . | . . . Ballistic Gun 1 | . . 1 Ballistic Cannon . | . . . Launcher . | . . . Special Weapon . | . . . Impact Weapon . | . . . Slashing Weapon . | . . . Piercing Weapon . | . . . Special Melee Weapon . | . . . Unidentified Prototypes . | . . . Parts Lost 4 | . . 4 Power 1 | . . 1 Propulsion 1 | . . 1 Utility 1 | . . 1 Weapon 1 | . . 1 Highest Loss Streak 4 | . . 4 To Critical Strikes . | . . . Average Slot Usage (%) 96 | . 100 95 Engine 13 | . 14 13 Treads 1 | . . 2 Leg 25 | . 28 25 Device 13 | . 14 13 Storage 14 | . 14 14 Energy Gun 26 | . 28 26 Naked Turns . | . . . Heaviest Build 12 | 12 12 12 Greatest Support 40 | 20 20 40 Greatest Overweight (x) . | . . . Average Overweight (x) . | . . . Largest Inventory Capacity 8 | 8 8 8 Average Capacity 7 | 7 8 8 Most Carried 8 | 8 7 7 Average Carried 6 | 6 7 6 Final Capacity 8 | 8 8 8 Final Carried 7 | 7 7 3 Class Distribution -------------------- 100% | Mutant Dominant Class ---------------- Mutant | -10/Materials Mutant | -10/Mines Resources | -11 -10 -10 ----------- Run | Yrd Mat Min Matter Collected 280 | 280 . . Remotely 100 | 100 . . Salvage Created 365 | 282 . 83 Parts 31 | 29 . 2 Haulers Intercepted . | . . . Recyclers Shooed . | . . . Parts Field Recycled . | . . . Retrieved Matter . | . . . Parts Self-Destructed . | . . . Prevented . | . . . Kills | -11 -10 -10 ------- Run | Yrd Mat Min Combat Hostiles Destroyed 4 | . . 4 Guns 4 | . . 4 Classes Destroyed 4 | 3 . 1 Worker 4 | 4 . . Tunneler 10 | 9 . 1 Recycler 1 | 1 . . Assembled 4 | . . 4 Best Kill Streak 5 | 5 . 4 Combat Bots Only 4 | . . 4 Max Kills in Single Turn 1 | 1 . 1 Gunslinging . | . . . Exploded . | . . . Melee . | . . . Uniques/NPCs Destroyed . | . . . Combat | -11 -10 -10 -------- Run | Yrd Mat Min Hostile Shots Fired 29 | . . 29 Missed 8 | . . 8 Damage Taken 743 | . . 743 Core 273 | . . 273 Absorbed by Shields . | . . . Core Remaining (%) 100 | 100 . . Volleys Fired 46 | 28 . 18 Largest 2 | 2 . 2 Hottest 90 | 90 . 90 Shots Fired 90 | 54 . 36 Gun 90 | 54 . 36 Cannon . | . . . Launcher . | . . . Special . | . . . Kinetic 3 | . . 3 Thermal 87 | 54 . 33 Explosive . | . . . Electromagnetic . | . . . Robot Hit Streak 14 | 4 . 14 Robot Miss Streak 4 | 4 . 3 Penetration Max . | . . . Secondary Targets 1 | . . 1 Max Gunslinging Chain 1 | . . 1 Shots Hit Robots 49 | 24 . 25 Core Hits 23 | 15 . 8 Critical Kills . | . . . Critical Parts Destroyed . | . . . Critical Strikes 4 | 2 . 2 Burn 4 | 2 . 2 Melee Attacks . | . . . Impact . | . . . Slashing . | . . . Piercing . | . . . Sneak Attacks . | . . . Combat Hostiles . | . . . Follow-up Attacks . | . . . Damage Inflicted 579 | 296 . 283 Guns 579 | 296 . 283 Cannons . | . . . Explosions . | . . . Melee . | . . . Ramming . | . . . Kinetic 17 | . . 17 Thermal 562 | 296 . 266 Explosive . | . . . Electromagnetic . | . . . Impact . | . . . Slashing . | . . . Piercing . | . . . Highest Corruption . | . . . Average Corruption . | . . . Corruption Purged . | . . . Corruption Blocked . | . . . Overload Shots . | . . . Overflow Damage . | . . . Projectiles . | . . . Explosions . | . . . Melee . | . . . Knockbacks . | . . . Impact . | . . . Kinetic . | . . . Secondary . | . . . Self-Inflicted Damage . | . . . Shots . | . . . Rammed . | . . . Targets Rammed . | . . . Kicked . | . . . Crushed . | . . . Highest Temperature 240 | 90 . 240 Average Temperature 62 | 32 . 113 Received Heat Transfer . | . . . Siege Activations . | . . . Robots Corrupted . | . . . Combat Hostiles . | . . . Parts Fried . | . . . Impact Corruptions . | . . . Robots Melted . | . . . Combat Hostiles . | . . . Parts Melted 2 | 2 . . Heat Transferred 1808 | 941 . 867 Parts Sabotaged . | . . . Parts Stolen . | . . . Parts Stripped . | . . . Power Chain Reactions . | . . . Alert | -11 -10 -10 ------- Run | Yrd Mat Min Peak Influence 70 | 70 . 20 Initial . | . . . Average 25 | 32 . 8 Maximum Alert Level . | . . . Low Security (%) 100 | 100 100 100 Level 1 . | . . . Level 2 . | . . . Level 3 . | . . . Level 4 . | . . . Level 5 . | . . . High Security . | . . . Max Security . | . . . Squads Dispatched . | . . . Investigation . | . . . Extermination . | . . . Reinforcement . | . . . Assault . | . . . Garrison . | . . . Intercept . | . . . Searches Triggered . | . . . Construction Impeded . | . . . Haulers Reinforced . | . . . Active Scanning Responses . | . . . Cargo Convoy Interrupts . | . . . Stealth | -11 -10 -10 --------- Run | Yrd Mat Min Distress Signals . | . . . Communications Jammed . | . . . Distress Signals . | . . . Times Spotted 13 | . . 13 Peak Tracking Total 7 | . . 7 Tactical Retreats 2 | . . 2 Traps | -11 -10 -10 ------- Run | Yrd Mat Min Traps Triggered . | . . . Indirectly . | . . . Trap Hack Attempts . | . . . Triggered . | . . . Disarmed . | . . . Reprogrammed . | . . . Reused . | . . . Traps Extracted . | . . . Installed . | . . . Triggered . | . . . Machines | -11 -10 -10 ---------- Run | Yrd Mat Min Machines Disabled . | . . . Max in Single Turn . | . . . Machines Repaired . | . . . Machines Dismantled . | . . . Machines Sabotaged . | . . . Overloaded Fab Kills . | . . . Hacking | -11 -10 -10 --------- Run | Yrd Mat Min Machines Accessed . | . . . Terminals . | . . . Fabricators . | . . . Repair Stations . | . . . Recycling Units . | . . . Scanalyzers . | . . . Garrison Access . | . . . Total Hacks . | . . . Successful . | . . . Failed . | . . . Catastrophic . | . . . Database Lockouts . | . . . Manual . | . . . Terminals . | . . . Fabricators . | . . . Repair Stations . | . . . Recycling Units . | . . . Scanalyzers . | . . . Garrison Access . | . . . Terminal Hacks . | . . . Fabricator Hacks . | . . . Repair Station Hacks . | . . . Recycling Unit Hacks . | . . . Scanalyzer . | . . . Garrison Access Hacks . | . . . Unauthorized Hacks . | . . . Terminals . | . . . Fabricators . | . . . Repair Stations . | . . . Recycling Units . | . . . Scanalyzers . | . . . Garrison Access . | . . . Data Cores Recovered . | . . . Used . | . . . Hacking Detections . | . . . Full Trace Events . | . . . Feedback Events . | . . . Feedback Blocked . | . . . Robot Schematics Acquired . | . . . Robots Built . | . . . Authchips . | . . . Time . | . . . Total Robot Build Rating . | . . . Part Schematics Acquired . | . . . Parts Built . | . . . Authchips . | . . . Time . | . . . Total Part Build Rating . | . . . Parts Repaired . | . . . Time . | . . . Parts Recycled . | . . . Recycled Matter . | . . . Retrieved Matter . | . . . Retrieved Components . | . . . Parts Scanalyzed . | . . . Part Schematics Acquired . | . . . Parts Damaged . | . . . Bothacking | -11 -10 -10 ------------ Run | Yrd Mat Min Used RIF Installer . | . . . Robots Hacked . | . . . Non-combat . | . . . Combat . | . . . Robot Hacks Applied . | . . . Relay Couplers Released . | . . . Fabnet Peak Effective % . | . . . Robots Rewired . | . . . Allies Hacked . | . . . Hacks Repelled . | . . . Allies | -11 -10 -10 -------- Run | Yrd Mat Min Total Allies . | . . . Largest Group . | . . . Highest-Rated Group . | . . . Highest-Rated Ally . | . . . Total Orders . | . . . Ally Attacks . | . . . Total Damage . | . . . Kills . | . . . Allies Corrupted . | . . . Allies Melted . | . . . Intel | -11 -10 -10 ------- Run | Yrd Mat Min Robot Analysis Total . | . . . Derelict Logs Recovered . | . . . Drone Launches . | . . . Drone Recoveries . | . . . Exploration | -11 -10 -10 ------------- Run | Yrd Mat Min Turns Passed 597 | 444 9 144 Spaces Moved 374 | 296 8 70 Core 30 | 30 . . Treads 2 | . . 2 Legs 342 | 266 8 68 Wheels . | . . . Hover . | . . . Flight . | . . . Fastest Speed 50 | 50 120 120 Average Speed 114 | 112 120 121 Slowest Speed 160 | 120 120 160 Overloaded Moves . | . . . Propulsion Burnouts . | . . . Robots Hopped . | . . . Cave-ins Triggered . | . . . Exploration Rate (%) 11 | 7 5 21 Regions Visited 2 Branch Regions 1 Pre-discovered Areas . | . . . Known Exits Taken . | . . . Unknown Exits Taken 2 | 1 1 . Scrap Searched . | . . . Spaces Dug . | . . . Terrain Destroyed . | . . . Melee . | . . . Projectile . | . . . AOE . | . . . Terrain Rammed . | . . . Walls Destroyed . | . . . Machines Disabled . | . . . Actions | -11 -10 -10 --------- Run | Yrd Mat Min Total 454 | 353 7 94 Wait 1 | . . 1 Move 372 | 295 7 70 Hop . | . . . Pick Up 18 | 18 . . Fast Attach . | . . . Attach 11 | 7 . 4 Detach . | . . . Swap 2 | 1 . 1 Drop 4 | 4 . . Fire 46 | 28 . 18 Melee . | . . . Ram . | . . . Kick . | . . . Crush . | . . . Escape Stasis . | . . . Rewire . | . . . Trap . | . . . Miscellaneous . | . . . Route ------- -11/Scrapyard -10/Materials -10/Mines History --------- Turn | Location | Event 3 | -11/Scrapyard | Discovered new exit (range 15) 445 | -11/Scrapyard | Entered Materials 445 | -10/Materials | Discovered new exit (range 8) 446 | -10/Materials | Build established: Mutant 454 | -10/Materials | Entered Mines 458 | -10/Mines | Assembled infested the area 569 | -10/Mines | Core integrity fell below 50% 572 | -10/Mines | Core integrity fell below 20% 598 | -10/Mines | Destroyed by D-53 Grenadier with Mini Grenade Launcher Last Messages --------------- 00487_ T-07 Excavator destroyed. 00528_ Destroyed Asb. Hover Unit. 00531_ as-94889 destroyed. 00534_ as-75645 destroyed. 00534_ Switching to secondary target: as-83589. 00540_ as-83589 destroyed. 00547_ as-36272 suffers critical hit (Burn). 00550_ as-36272 destroyed. 00567_ as-56214 suffers critical hit (Burn). 00568_ as-56214 destroyed. 00570_ Med. Laser destroyed. 00573_ Lgt. Ion Engine destroyed. 00573_ Aluminum Leg destroyed. 00575_ The unstable cave ceiling collapses. 00575_ Imp. Terrain Scanner destroyed. 00578_ The unstable cave ceiling collapses. 00584_ as-57273 destroyed. 00585_ as-48318 destroyed. 00587_ as-86320 destroyed. 00588_ The unstable cave ceiling collapses. Map ----- +----------------------------------------------------+ | ????????????????????????????????#????????????????? | | ????????????????????#???????#????????????????????? | | ???????????????#??????????????????? ???????????? | | ?????????????????????????#???????? ???????????? | | ?????????????????????????????????# ????????????? | | ??????????????????#??????######## ?????????????? | | ????????????????#??#????## ??????????????? | | ???????????????????????## ???????????????? | | ???????????????#?????#?# ??? ????????????? | | ??????????????????###### ?????????????????? | | ??????????????? ? %u #??????????????????? | | ???????????????#### ## # #??????????????????? | | ???????????? ### # #???????????????????? | | ???????????? ##??????????????????? | | ??????????? # #?????#????????????? | | ??????????? ##????#????????????? | | ??????????? # #?????????????????? | | ????????????? # ###?#?#???????????? | | ????????#?????? #?#?????????????? | | ???????????? ???# # ##??????????????? | | ?????????#??????# ###### #???????????????? | | ???????????#????## # ###?? #????? ?????????? | | ????????????###### d ##? #?#?? ##???????? | | ????????????#g #?? #???# #???????? | | ????????#???#g #?? ##?# ???????? | | ???????????##g @ #??? ## #????????? | | ???????????#### #? #?????????? | | ????????????## ### #?? #??????????? | | ????????????# ###?### #?# #???????????? | | ????????????# #?????## ## #### #????????????? | | ????????????# #??????## ##### #?????????????? | | ????????????# ######## ## #??????????????? | | ????????????# #####??????????? | | ????????????# #??????????? | | ????????????#### ##### ## #### #??????????? | | ???????????#???# =#???## ### #?????????????#?? | | ???????????????#|%#????######?# #???????????????? | | ???????????????# ##??????##### ##????????#?????? | | ???????????#???####????????## ##?????????????? | | ???????????????????????????# #?????????????? | | ??????????????????#????????# #?????????????? | | ??????????????????????????## """ ##????????????? | | ??????????????????????????# """ #?????????????? | | ??????????????????????????# """ ???????????? | | ??????????????????????????## #?#????????? | | ???????????????????????????### ##??????????? | | ?????????????????????????????## ##???????????? | | ??????????????????????????#????######????????????? | | ?????????????????????????????????????????????????? | | ??????????????????????????????????????#??????????? | +----------------------------------------------------+ Best States ------------- Heat Dissipation 25 Energy Generation 10 Energy Capacity 125 Matter Stores 300 Matter Capacity 300 Sight Range 16 Terrain Scan Range 16 Terrain Scan Density 10 Evasion (%) 55 Recoil Reduction 2 Item Schematics ----------------- None Robot Schematics ------------------ None Fabricated ------------ Nothing Alien Tech Used ----------------- None Achievements -------------- Use The Force Challenges ------------ None Game ------ Seed PowerRelayAutocannon Manual? 0 Play Time 00:08:24 Cumulative 8.3 hours Start 2024.04.02 @ 14:41:29 End 2024.04.02 @ 14:48:06 Sessions 1 Manual Loads 0 Difficulty Rogue Special Mode None Game No. 6 Rogue 6 Adventurer 0 Explorer 0 Win Type - Total 0 Types 0/0/0/0/0/0/0/0/0 Lore% 16 Gallery% 16 Achievement% 15 Wizard Run 0 Options --------- Layout 1 ASCII 0 Keyboard 0 Movement Mouse Keybinds 0 Fullscreen 1 Font 32/SmallcapsGlow Map View 50x35 Zoom Use 0% Tactical HUD 1 Map Filters NONE Filters NONE Steam 1 RUN: 864d63df-2749-49d3-9178-b6cc3c452185